 Dungeon Crawl Stone Soup version 0.18-a0-1718-g40ea4b6 (webtiles) character file.

233 MenacingMecha the Chiller (level 6, -3/41 HPs)
             Began as a Merfolk Ice Elementalist on Apr 8, 2016.
             Slain by a centaur
             ... wielding a cursed -2 shortbow
              (6 damage)
             ... on level 5 of the Dungeon.
             The game lasted 00:13:09 (4502 turns).

MenacingMecha the Chiller (MfIE)                    Turns: 4502, Time: 00:13:10

Health: -3/41      AC: 10    Str: 10    XL:     6   Next: 4%
Magic:  7/11       EV: 12    Int: 18    God:
Gold:   180        SH:  0    Dex: 14    Spells: 3 memorised, 3 levels left

rFire  . . .     SeeInvis +     k - +1 whip (venom)
rCold  . . .     Gourm    .     n - +0 leather armour
rNeg   . . .     Faith    .     (no shield)
rPois  .         Spirit   .     (no helmet)
rElec  .         Dismiss  .     (no cloak)
rCorr  .         Reflect  .     o - +0 pair of gloves
SustAt .         Harm     .     (no boots)
MR     .....                    (no amulet)
Stlth  ++........               r - +3 ring of intelligence
                                j - ring of see invisible

@: icy armour, slow, not resistant to hostile enchantments, unstealthy
A: change form in water, swift swim
a: no special abilities


You were on level 5 of the Dungeon.
You were not hungry.

You visited 2 branches of the dungeon, and saw 6 of its levels.

You collected 180 gold pieces.

Inventory:

Hand Weapons
 k - a +1 whip of venom (weapon)
Armour
 a - a +0 robe
 n - a +0 leather armour (worn)
 o - a +0 pair of gloves (worn)
Jewellery
 j - a ring of see invisible (left hand)
 r - a +3 ring of intelligence (right hand)
Wands
 f - a wand of confusion (18/48)
 z - a wand of iceblast (9/15)
Scrolls
 e - 5 scrolls of remove curse {unknown}
 g - a scroll of fear {unknown}
 h - a scroll of immolation {unknown}
 m - a scroll of teleportation {unknown}
 p - a scroll of magic mapping {unknown}
 u - 4 scrolls of identify {unknown}
 C - a scroll of amnesia {unknown}
Potions
 c - 2 potions of degeneration {unknown}
 d - a potion of resistance {unknown}
 l - 2 potions of lignification {unknown}
 q - a potion of mutation {unknown}
 t - a potion of berserk rage {unknown}
 v - a potion of flight {unknown}
 w - a potion of ambrosia {unknown}
 A - 2 potions of curing {unknown}
Books
 b - a book of Frost

   Spells                             Type                      Level
   a - Freeze                         Ice                          1
   b - Throw Frost                    Conjuration/Ice              2
   c - Ozocubu's Armour               Charms/Ice                   3
   d - Throw Icicle                   Conjuration/Ice              4
   e - Summon Ice Beast               Ice/Summoning                4
 y - a book of Transfigurations

   Spells                             Type                      Level
   a - Irradiate                      Conjuration/Transmutation    5
   b - Statue Form                    Transmutation/Earth          6
   c - Hydra Form                     Transmutation                6
   d - Dragon Form                    Transmutation                7
Comestibles
 i - a meat ration
 s - 3 beef jerkies
 x - 2 royal jellies
 B - a bread ration


   Skills:
 - Level 2.6 Dodging
 - Level 2.1 Stealth
 - Level 3.3 Spellcasting
   Level 0.7 Conjurations
 - Level 1.2 Charms
 + Level 2.1 Summonings
 + Level 5.5 Ice Magic


You had 3 spell levels left.
You knew the following spells:

 Your Spells              Type           Power        Failure   Level  Hunger
a - Freeze                Ice            ###.         2%          1    None
b - Ozocubu's Armour      Chrm/Ice       ###.....     17%         3    ###....
c - Summon Ice Beast      Ice/Summ       ###.....     47%         4    ####...


Dungeon Overview and Level Annotations

Branches:
Dungeon (5/15)             Temple (1/1) D:5

Altars:
Dithmenos
Fedhas
Gozag
Kikubaaqudgha
Nemelex Xobeh
Pakellas
Qazlal
Trog
Xom
Yredelemnul
Zin
The Shining One

Annotations:
D:4 wand behind trans. rock wall, Dowan
D:5 Sigmund


Message History

* * * LOW HITPOINT WARNING * * *
You hit the centaur.
The centaur is moderately wounded.
The centaur hits you but does no damage. x2
You hit the centaur.
The centaur looks even sicker.
The centaur is moderately wounded.
The centaur barely misses you.
You hit the centaur but do no damage.
The centaur is heavily wounded.
The centaur closely misses you. The centaur hits you with a shortbow.
* * * LOW HITPOINT WARNING * * *
Casting: Freeze
Confirm with . or Enter, or press ? or * to list all spells.
Aiming: Freeze
Press: ? - help, Shift-Dir - straight line, f/p - centaur
Aim: a centaur, wielding a shortbow (heavily wounded, poisoned)
You freeze the centaur.
The centaur is severely wounded.
The centaur hits you with a shortbow.
You die...

.#########.# .#
.#####.....#####.##
............(.....
.####..##..##....# ##.
## #.. #..##....##.....
#.. #..##........... #.#
#..##...# .....
#.###..##((.##......
#........(..@.......
#####.###..#####c#..###.
.................# .#
##.............#.# #
..................
#####.#.#..#......
#.#.#..........
#.#.##.#.###.#. #.#.#
.#.#


You could see a centaur.

Vanquished Creatures
  A crimson imp (D:5)
  A hound (D:5)
  Ijyb (D:2)
  5 adders
  A shadow imp (D:5)
  An ooze (D:4)
  2 dart slugs
  A giant gecko (D:2)
  3 orcs
  10 bats
  2 giant cockroaches
  9 goblins
  9 hobgoblins
  10 jackals
  2 quokkas (D:2)
  A ball python (D:2)
  5 giant newts
  10 kobolds
  7 rats
81 creatures vanquished.

Notes
Turn   | Place    | Note
--------------------------------------------------------------
     0 | D:1      | MenacingMecha the Merfolk Ice Elementalist began the quest for the Orb.
     0 | D:1      | Reached XP level 1. HP: 13/13 MP: 3/3
   188 | D:1      | Reached XP level 2. HP: 19/19 MP: 3/5
   626 | D:1      | Reached skill level 4 in Ice Magic
   807 | D:1      | Reached XP level 3. HP: 18/24 MP: 4/6
  1090 | D:2      | Noticed Ijyb
  1099 | D:2      | Killed Ijyb
  1168 | D:2      | Learned a level 3 spell: Ozocubu's Armour
  1405 | D:2      | Reached XP level 4. HP: 27/30 MP: 8/8
  1876 | D:2      | Learned a level 4 spell: Summon Ice Beast
  2588 | D:2      | Reached skill level 1 in Charms
  2714 | D:3      | Reached XP level 5. HP: 19/35 MP: 7/9
  2910 | D:3      | Reached skill level 1 in Summonings
  3045 | D:3      | Reached skill level 5 in Ice Magic
  3785 | D:4      | Noticed Dowan
  3906 | D:5      | Entered Level 5 of the Dungeon
  3925 | D:5      | Found a staircase to the Ecumenical Temple.
  3934 | Temple   | Entered the Ecumenical Temple
  4365 | D:5      | Reached XP level 6. HP: 28/41 MP: 3/11
  4428 | D:5      | Noticed Sigmund
  4501 | D:5      | HP: 2/41 [centaur/shortbow (3)]
  4502 | D:5      | Slain by a centaur

Vault maps used:
D:1:      moated_graveyard_arrival
D:2:      uniq_iyjb
D:3:      minmay_crystal_room, minmay_tree_intersection
D:4:      item_on_display_a, uniq_duvessa
D:5:      minmay_temple_entry_junction, first_bread, uniq_sigmund
Temple:   chambers_temple_12

Skill      XL: |  1  2  3  4  5 |
---------------+----------------+-----
Ice Magic      | 4 5 |  5.5
Spellcasting   | 3 |  3.3
Charms         | 1 |  1.2
Summonings     | 2 |  2.1
Dodging        | |  2.6
Stealth        | |  2.1
Conjurations   | |  0.7

Action                   |  1- 3 |  4- 6 || total
-------------------------+-------+-------++-------
Melee: Whip              |    49 |   177 ||   226
       Unarmed           |     2 |       ||     2
 Cast: Freeze            |    16 |    16 ||    32
       Ozocubu's Armour  |     1 |     3 ||     4
 Stab: Sleeping          |     2 |     4 ||     6
       Distracted        |       |     1 ||     1
  Eat: Chunk             |     2 |     6 ||     8
       Bread ration      |       |     1 ||     1
